AoeStats
← Erickinio

Arena

510250706Analyzed
3v3 RM · 2d ago on Sep 30, 2026· 99m 35s· 6 players
Game mode
Random Map
Map size
Normal (6 player)
Population
200
Speed
Normal
Resources
Standard
Victory
Conquest
Starting age
Dark Age
Ending age
Imperial Age
RankedLock teamsTeams togetherTeam positionsShared explorationLock speedFull tech treeHidden civsTurbo modeCheats
Victory
Defeat
🇧🇷 Spanish · Brazil
1137
+12
🇦🇷 Celts · Argentina
972
+18
🇧🇷 Huns · Brazil
971
+19
🇦🇷 Turks · Argentina
1054
-17
🇨🇦 Berbers · Canada
1034
-16
🇨🇱 Britons · Chile
1015
-16
Andrew
11:15 Feudal Age
15:08 Castle Age
13:12 Double-Bit Axe
13:14 Horse Collar
18:10 Loom
21:51 Imperial Age
20:39 Padded Archer Armor
23:13 Leather Archer Armor
33:52 Ring Archer Armor
69:19 Wheelbarrow
71:27 Scale Barding Armor
85:35 Bloodlines
[GP] Stargazer
1:24 Loom
10:33 Feudal Age
33:46 Castle Age
31:51 Horse Collar
34:58 Double-Bit Axe
36:25 Padded Archer Armor
38:21 Heavy Plow
40:34 Fletching
40:59 Leather Archer Armor
41:33 Bodkin Arrow
45:37 Yeomen
45:37 Stone Mining
45:43 Gold Mining
50:04 Imperial Age
48:08 Stone Mining
49:08 Masonry
49:27 Leather Archer Armor
50:33 Wheelbarrow
50:50 Fortified Wall
50:36 Murder Holes
50:23 Treadmill Crane
50:57 Scale Mail Armor
51:07 Forging
52:02 Hand Cart
52:10 Conscription
51:23 Pikeman
52:04 Squires
52:59 Hoardings
53:49 Iron Casting
53:29 Chain Mail Armor
52:50 Halberdier
53:21 Arson
55:36 Chain Mail Armor
58:50 Plate Mail Armor
59:21 Blast Furnace
59:00 Warwolf
63:27 Warwolf
69:35 Ballistics
72:04 Bow Saw
Nixo_89
1:43 Loom
11:00 Feudal Age
18:33 Castle Age
18:41 Fletching
19:20 Double-Bit Axe
19:43 Bodkin Arrow
22:25 Gold Mining
25:48 Ballistics
29:47 Padded Archer Armor
29:44 Horse Collar
37:11 Imperial Age
35:42 Kasbah
36:37 Bow Saw
36:29 Heavy Plow
37:10 Wheelbarrow
38:19 Conscription
38:23 Bracer
39:29 Chemistry
38:35 Elite Camel Archer
41:28 Maghrebi Camels
42:50 Gold Shaft Mining
42:07 Stone Mining
42:53 Leather Archer Armor
45:00 Forging
45:00 Light Cavalry
45:51 Bloodlines
45:42 Husbandry
46:17 Crop Rotation
46:22 Hussar
48:46 Ring Archer Armor
48:55 Scale Mail Armor
49:00 Scale Barding Armor
51:11 Chain Mail Armor
52:30 Iron Casting
52:25 Plate Mail Armor
54:49 Blast Furnace
62:04 Fortified Wall
62:05 Masonry
67:35 Thumb Ring
70:35 Chain Barding Armor
72:09 Heavy Camel Rider
73:38 Stone Shaft Mining
Leetz
11:08 Feudal Age
16:04 Castle Age
14:55 Double-Bit Axe
15:16 Stone Mining
20:12 Fletching
28:15 Forging
28:11 Scale Barding Armor
29:48 Bloodlines
29:39 Husbandry
33:05 Wheelbarrow
32:16 Town Watch
39:29 Imperial Age
36:46 Loom
36:38 Light Cavalry
39:27 Hand Cart
41:37 Iron Casting
41:23 Chain Barding Armor
41:10 Cavalier
43:18 Blast Furnace
44:38 Plate Barding Armor
44:55 Town Patrol
45:33 Gold Mining
47:08 Bow Saw
46:41 Horse Collar
48:18 Paladin
48:58 Hussar
52:44 Scale Mail Armor
55:55 Stone Shaft Mining
72:53 Caravan
matheuszagnollii
13:19 Feudal Age
13:49 Double-Bit Axe
13:48 Horse Collar
14:50 Wheelbarrow
16:11 Gold Mining
17:52 Man-at-Arms
21:19 Castle Age
21:45 Scale Mail Armor
21:55 Forging
22:00 Heavy Plow
22:21 Bow Saw
22:55 Gold Shaft Mining
22:18 Long Swordsman
23:00 Squires
26:31 Pikeman
31:33 Chain Mail Armor
40:36 Hand Cart
41:18 Chain Mail Armor
41:39 Iron Casting
49:19 Imperial Age
56:26 Imperial Age
56:28 Capped Ram
56:40 Halberdier
58:30 Siege Ram
97:14 Light Cavalry
97:54 Husbandry
Erickinio
11:53 Feudal Age
12:51 Man-at-Arms
13:47 Double-Bit Axe
14:17 Arson
16:46 Loom
17:41 Wheelbarrow
17:56 Forging
18:58 Scale Mail Armor
26:22 Castle Age
27:04 Horse Collar
27:18 Gold Mining
27:19 Stone Mining
31:18 Iron Casting
30:52 Fletching
30:36 Elite Skirmisher
31:19 Padded Archer Armor
31:17 Pikeman
32:20 Chain Mail Armor
33:06 Gold Shaft Mining
33:07 Stone Shaft Mining
34:21 Gambesons
35:56 Ballistics
36:32 Bodkin Arrow
36:52 Leather Archer Armor
37:01 Murder Holes
38:42 Masonry
40:35 Fortified Wall
42:34 Heavy Plow
42:47 Bow Saw
42:53 Stronghold
45:56 Hand Cart
45:27 Town Watch
49:56 Imperial Age
48:09 Town Patrol
49:48 Long Swordsman
50:01 Halberdier
51:13 Plate Mail Armor
51:44 Blast Furnace
50:51 Siege Engineers
51:19 Conscription
50:23 Heavy Scorpion
51:33 Onager
54:55 Furor Celtica
54:18 Two-Handed Swordsman
62:33 Blast Furnace
61:25 Siege Onager
62:40 Elite Woad Raider
65:05 Ring Archer Armor
68:41 Champion
93:29 Spies/Treason
93:38 Spies/Treason
93:51 Spies/Treason
Connection lost

Rejoining the realm…

Still unreachable

The connection could not be restored.

Session expired

The server has moved on; the page needs a fresh start.